 Dungeon Crawl Stone Soup version 0.24-a0-762-gca426f5 (webtiles) character file.

Game seed: 6699380910736369753, levelgen mode: deterministic

2997 Charmandara the Grappler (level 9, -1/75 HPs)
             Began as a Troll Gladiator on Oct 1, 2019.
             Was an Initiate of Hepliaklqana.
             Killed from afar by Maurice (22 damage)
             ... with a bolt of acid
             ... on level 8 of the Dungeon on Oct 4, 2019.
             The game lasted 00:13:55 (2210 turns).

Charmandara the Grappler (Troll Gladiator)          Turns: 2210, Time: 00:13:55

Health: -1/75      AC:  6    Str: 24    XL:     9   Next: 54%
Magic:  8/8        EV: 10    Int:  5    God:    Hepliaklqana [......]
Gold:   270        SH:  0    Dex: 13    Spells: 7/8 levels left

rFire    . . .     SeeInvis .     - Unarmed
rCold    + . .     Gourm    +   (no shield)
rNeg     . . .     Faith    .   a - +0 robe
rPois    .         Spirit   .   b - +0 hat
rElec    .         Reflect  .   (no cloak)
rCorr    .         Harm     .   (gloves unavailable)
MR       .....                  (boots unavailable)
Stlth    +.........             l - amulet of regeneration {+regen, !d}
HPRegen  1.02/turn              v - ring of attention (curse)
MPRegen  0.11/turn              s - ring of stealth {Stlth+}

@: no status effects
A: large, unfitting armour, reduced essence, claws 3, cold resistance 1, fast
metabolism 3, gourmand, high mp 1, regeneration 1, shaggy fur 1, tough skin 3
a: Recall Ancestor, Ancestor Identity, Renounce Religion


You were on level 8 of the Dungeon.
You worshipped Hepliaklqana.
Hepliaklqana was noncommittal.
You were full.

You visited 1 branch of the dungeon, and saw 11 of its levels.

You collected 270 gold pieces.

Inventory:

Missiles
 c - 3 throwing nets {=f, !d}
Armour
 a - a +0 robe (worn)
 b - a +0 hat (worn)
Jewellery
 f - an uncursed ring of magical power {MP+9}
   (You found it on level 3 of the Dungeon)
 l - an amulet of regeneration (around neck) {+regen, !d}
   (You found it on level 7 of the Dungeon)
 s - a ring of stealth (right claw) {Stlth+}
   (You found it on level 7 of the Dungeon)
 v - a cursed ring of attention (left claw)
   (You found it on level 8 of the Dungeon)
Wands
 o - a wand of random effects (1)
   (You found it on level 3 of the Dungeon)
 q - a wand of iceblast (5)
   (You found it on level 6 of the Dungeon)
 w - a wand of disintegration (19)
   (You found it on level 8 of the Dungeon)
Scrolls
 h - 5 scrolls of remove curse
 j - 5 scrolls of teleportation
 m - 3 scrolls of enchant weapon {unknown}
 n - a scroll of immolation {unknown}
 u - a scroll of identify
Potions
 e - 4 potions of brilliance
 i - 5 potions of lignification {!q}
 k - a potion of magic
 r - a potion of haste {unknown}
Comestibles
 d - 7 rations
 p - 3 chunks of flesh {@w0}


   Skills:
 + Level 4.1 Fighting
 - Level 1.7 Throwing
 + Level 3.6 Armour
 - Level 2.4 Dodging
 * Level 11.7 Unarmed Combat


You had 7 spell levels left.
You knew the following spells:

 Your Spells              Type           Power        Failure   Level  Hunger
A - Animate Skeleton      Necr           N/A          47%         1    ##.....

Your spell library contained the following spells:

 Spells                   Type           Power        Failure   Level  Hunger
 Pain                     Necr           #...         47%         1    ##.....
 Regeneration             Chrm/Necr      #.........   85%         3    ####...
 Vampiric Draining        Necr           #.........   85%         3    ####...
 Animate Dead             Necr           N/A          99%         4    #####..


Dungeon Overview and Level Annotations

Branches:
Dungeon (11/15)              Lair (0/6) D:10
 Temple: D:4-7          Orc: D:9-12

Altars:
Gozag
Hepliaklqana
Vehumet
Xom
Zin
The Shining One

Annotations:
D:8 Maurice


Innate Abilities, Weirdness & Mutations

You are too large for most types of armour.
You have claws for hands.
Your metabolism is lightning-fast.
You like to eat raw meat.
Your natural rate of healing is unusually fast.
You are covered in fur. (AC +1)
You have extremely tough skin. (AC +3)
Your life essence is reduced to manifest your ancestor. (-10% HP)
Your flesh is cold resistant. (rC+)
You have an increased reservoir of magic. (+10% MP)


Message History

Deactivating autopickup; reactivate with Ctrl-A.
The kobold moves out of view.
You take 2 damage, and have 73/75 hp.
You closely miss the kobold. The kobold barely misses you.
You claw the kobold!
You kill the kobold!
Health restored: 75 You scratch the kobold.
You kill the kobold!
The big kobold throws a stone.
The stone closely misses you.
The stone hits Iltani.
The big kobold throws a stone.
The stone hits you.
Items here: ( ))) † a +0 short sword; a +0 short sword of flaming; a +0 hand crossbow; 26 bolts a kobold corpse You take 5 damage, and have 70/75 hp.
The big kobold hits you but does no damage.
You miss the big kobold. The big kobold hits you.
You barely miss the big kobold. The big kobold hits you.
You take 1 damage, and have 70/75 hp.
You closely miss the big kobold. You closely miss the big kobold.
The big kobold closely misses you.
You closely miss the big kobold.
The big kobold hits you but does no damage.
You closely miss the big kobold. The big kobold barely misses you.
You scratch the big kobold. The big kobold hits you.
You take 1 damage, and have 73/75 hp.
You claw the big kobold!
You scratch the big kobold but do no damage.
The big kobold barely misses you.
You closely miss the big kobold. The big kobold hits you.
You take 5 damage, and have 69/75 hp.
You barely miss the big kobold.
The big kobold hits you but does no damage.
You eviscerate the big kobold!!!
You kill the big kobold!
The kobold completely misses you.
Things that are here:
a stone; a big kobold corpse You barely miss the kobold.
The kobold barely misses you.
You closely miss the kobold. The kobold hits you but does no damage.
You closely miss the kobold. You claw the kobold.
You kill the kobold!
Some of the chunks of flesh in your inventory have rotted away.
You scratch the kobold. The kobold hits you.
You take 2 damage, and have 72/75 hp.
You closely miss the kobold. Your claw misses the kobold. You claw the kobold!
You kill the kobold!
You claw the giant cockroach!
You kill the giant cockroach!
The kobold throws a stone.
The stone hits you but does no damage. The kobold barely misses you.
Things that are here:
a +0 club; a giant cockroach corpse; Health restored: 75 You barely miss the kobold.
The kobold hits you but does no damage.
You mangle the kobold!!
You kill the kobold!
The kobold throws a stone.
The stone barely misses you.
The stone hits Iltani but does no damage.
You swap places.
The kobold throws a stone.
The stone closely misses Iltani.
The stone closely misses you.
Things that are here:
3 stones; a big kobold corpse Iltani barely misses the kobold.
The kobold throws a stone.
The stone closely misses Iltani.
The stone misses you.
You hear a zap.
A bolt of acid appears from out of thin air!
The bolt of acid hits Iltani!
Iltani is splashed with acid.
The bolt of acid hits you.
You are splashed with acid!
Things that are here:
a +0 club; a giant cockroach corpse You take 17 damage, and have 58/75 hp.
MASSIVE DAMAGE!!
You swap places.
The kobold hits you.
You scratch the kobold.
You kill the kobold!
Something hits you. Something steals your purple potion!
You take 4 damage, and have 54/75 hp.
You miss something.
As you read the scroll labeled VIUZASHU IFUGI, it crumbles to dust.
It is a scroll of amnesia.
Really abort (and waste the scroll)? [Y]es or [N]o only, please.
Really abort (and waste the scroll)?
Okay, then.
You hear a zap.
A bolt of acid appears from out of thin air!
The bolt of acid hits you!!
You are splashed with acid!
* * * LOW HITPOINT WARNING * * *
You take 34 damage, and have 20/75 hp.
MASSIVE DAMAGE!!
Unknown command.
You swap places.
Iltani hits something.
You hear a zap.
A bolt of acid appears from out of thin air!
The bolt of acid hits Iltani!
Iltani is splashed with acid.
The acid corrodes Iltani!
The bolt of acid hits you!!
You die...

############.###.###############.
#<.....# #.# #. ######## #.# #.
#.# #. #.# #.
########.###############.
.......#...............#.
.......###############.#
......(R@(.).(.# #.#
.......#######(#######.# .......
#.........# !...... ###########
....... ###.### #. #


You could see the friendly Iltani the ancestor.

Vanquished Creatures
  Pikel (D:7)
  A steam dragon (D:10)
  4 porcupines (D:10)
  2 ice beasts
  A sky beast (D:8)
  An ogre (D:7)
  A crocodile (D:10)
  A centaur (D:9)
  A big kobold (D:8)
  6 bullfrogs
  3 scorpions
  A water moccasin skeleton (D:10)
  3 wights (D:6)
  2 crimson imps
  A hound (D:7)
  3 iguanas
  An orc priest (D:8)
  3 orc wizards
  A centaur skeleton (D:7)
  5 adders
  3 oozes
  An adder zombie (D:9)
  A worm (D:3)
  2 dart slugs
  2 leopard geckos (D:3)
  8 orcs
  3 ball pythons
  4 bats
  3 giant cockroaches
  6 goblins
  8 hobgoblins
  7 jackals
  A quokka (D:3)
  2 frilled lizards
  10 kobolds
  5 rats
108 creatures vanquished.

Vanquished Creatures (collateral kills)
  An ogre (D:8)
  A crocodile (D:10)
  A bullfrog (D:8)
  A crimson imp (D:8)
  An orc wizard (D:8)
  An adder skeleton (D:8)
  An orc (D:8)
7 creatures vanquished.

Vanquished Creatures (others)
  A centaur (D:7)
  An ancestor (D:10)
  5 fungi (D:10)
7 creatures vanquished.

Grand Total: 122 creatures vanquished

Notes
Turn   | Place    | Note
-------+----------+-------------------------------------------
     0 | D:1      | Charmandara the Troll Gladiator began the quest for the
                  | Orb.
     0 | D:1      | Reached XP level 1. HP: 19/19 MP: 0/0
    61 | D:2      | Reached XP level 2. HP: 9/27 MP: 1/1
    65 | D:2      | HP: 6/27 [poisoned by an adder]
    71 | D:2      | HP: 4/27 [poisoned by an adder]
    76 | D:2      | HP: 3/27 [poisoned by an adder]
    81 | D:2      | HP: 4/27 [poisoned by an adder]
    83 | D:2      | Reached skill level 4 in Unarmed Combat
    89 | D:2      | HP: 5/27 [poisoned by an adder]
    97 | D:2      | HP: 5/27 [poisoned by an adder]
   125 | D:1      | Reached XP level 3. HP: 20/33 MP: 2/2
   304 | D:2      | Upgraded the game from 0.24-a0-730-g011b83a to
                  | 0.24-a0-762-gca426f5
   315 | D:2      | Reached XP level 4. HP: 31/41 MP: 3/3
   451 | D:3      | Reached skill level 5 in Unarmed Combat
   558 | D:4      | Gained mutation: Your flesh is cold resistant. (rC+)
                  | [potion of mutation]
   558 | D:4      | Gained mutation: You have an increased reservoir of magic.
                  | (+10% MP) [potion of mutation]
   836 | D:3      | Found an opulent altar of Gozag.
   839 | D:3      | Found a radiant altar of Vehumet.
   841 | D:3      | Found a shimmering altar of Xom.
   842 | D:3      | Found a glowing silver altar of Zin.
  1034 | D:5      | Entered Level 5 of the Dungeon
  1076 | D:6      | Noticed a bullfrog
  1083 | D:6      | Killed a bullfrog
  1083 | D:6      | Reached skill level 6 in Unarmed Combat
  1083 | D:6      | Reached XP level 5. HP: 33/48 MP: 4/4
  1207 | D:6      | Reached XP level 6. HP: 49/55 MP: 5/5
  1208 | D:6      | Reached skill level 7 in Unarmed Combat
  1316 | D:7      | Noticed an ice beast
  1324 | D:7      | Killed an ice beast
  1324 | D:7      | Reached skill level 8 in Unarmed Combat
  1324 | D:7      | Reached XP level 7. HP: 50/62 MP: 6/6
  1337 | D:7      | Noticed Pikel
  1346 | D:7      | Killed Pikel
  1346 | D:7      | Reached skill level 9 in Unarmed Combat
  1346 | D:7      | Reached XP level 8. HP: 57/70 MP: 7/7
  1347 | D:7      | Reached skill level 10 in Unarmed Combat
  1458 | D:7      | Found a hazy altar of Hepliaklqana.
  1466 | D:7      | Became a worshipper of Hepliaklqana the Forgotten
  1604 | D:7      | Found a glowing golden altar of the Shining One.
  1618 | D:8      | Reached skill level 2 in Fighting
  1661 | D:8      | Reached skill level 1 in Armour
  1711 | D:10     | Entered Level 10 of the Dungeon
  1723 | D:10     | Reached skill level 2 in Armour
  1724 | D:10     | Found a staircase to the Lair.
  1726 | D:10     | Reached skill level 3 in Fighting
  1728 | D:10     | HP: 14/67 [bullfrog (8)]
  1733 | D:10     | HP: 12/67 [porcupine's spines (10)]
  1733 | D:10     | Reached skill level 11 in Unarmed Combat
  1733 | D:10     | Reached XP level 9. HP: 14/74 MP: 8/8
  1736 | D:10     | Learned a level 1 spell: Animate Skeleton
  1738 | D:10     | HP: 18/74 [scorpion (1)]
  1784 | D:10     | HP: 10/74 [porcupine (15)]
  1785 | D:10     | HP: 4/74 [porcupine (7)]
  1822 | D:10     | HP: 16/74 [bullfrog (5)]
  1826 | D:10     | Reached skill level 3 in Armour
  1869 | D:11     | Noticed a komodo dragon
  1986 | D:8      | HP: 16/75 [ogre/+0 giant spiked club (28)]
  2012 | D:8      | Reached skill level 4 in Fighting
  2174 | D:8      | Noticed Maurice
  2210 | D:8      | Killed from afar by Maurice

Levels and vault maps discovered:
D:1:      lightli_arrival_statue_moat, layout_loops_ring,
          chequers_decorated_corner, kennysheep_decorative_pillar
D:2:      layout_rooms
D:3:      layout_basic, grunt_temple_overflow_open
D:4:      layout_basic, minmay_temple_entry_enclosed_plants
D:5:      layout_rooms, slow_altar_2, first_ration, basic_altar
D:6:      layout_basic, serial_shops, nicolae_shop_competitors_out_of_business
D:7:      layout_layer_cave, lemuel_coloured_pillars_altar,
          overflow_temple_1_default, uniq_pikel
D:8:      layout_basic, elyvilon_altar_5, makhleb_grotto_becter,
          kennysheep_mini_moat, kennysheep_mini, uniq_maurice
D:9:      layout_roguey, serial_shops, nicolae_shop_behind_doors, uniq_erica
D:10:     layout_roguey, due_lair_maze_entry_diamond, grunt_livestock
D:11:     layout_cave_pools, orc_0_dummy, serial_glass, glass_columns_a,
          glass_columns_b, minmay_strange_pillars, item_on_display_a,
          feat_on_display, uniq_grum, uniq_urug, uniq_sonja

Skill      XL: |  1  2  3  4  5  6  7  8  9 |
---------------+----------------------------+-----
Unarmed Combat | 4 6 8 9 11 | 11.7
Fighting       | 3 4 |  4.1
Armour         | 2 3 |  3.6
Throwing       | |  1.7
Dodging        | |  2.4

Action                   |  1- 3 |  4- 6 |  7- 9 || total
-------------------------+-------+-------+-------++-------
Melee: Unarmed           |    70 |   100 |   132 ||   302
       Punch             |     1 |     4 |     2 ||     7
Evoke: Wand              |       |       |     9 ||     9
  Use: Scroll            |       |     7 |     1 ||     8
       Potion            |       |     1 |     1 ||     2
 Stab: Sleeping          |       |     1 |     2 ||     3
  Eat: Chunk             |     8 |     8 |     6 ||    22
Armor: Robe              |    40 |    39 |    31 ||   110
Dodge: Dodged            |    43 |    50 |    47 ||   140

Table legend:
 A = Non-vault XP
 B = Vault XP
 C = Vault XP percentage of total XP
 D = Non-vault monster count
 E = Vault monster count
 F = Vault count percentage of total count
                 A         B        C        D         E       F
            +---------+---------+-------+---------+---------+-------
      Total |    2575 |    1707 |  39.9 |     106 |      10 |   8.6
            +---------+---------+-------+---------+---------+-------
        D:1 |      30 |       0 |   0.0 |      17 |       0 |   0.0
        D:2 |      76 |       0 |   0.0 |      18 |       0 |   0.0
        D:3 |      44 |       0 |   0.0 |      16 |       0 |   0.0
        D:4 |       3 |       0 |   0.0 |       1 |       0 |   0.0
        D:6 |     473 |       0 |   0.0 |      11 |       0 |   0.0
        D:7 |     440 |     607 |  58.0 |       9 |       1 |  10.0
        D:8 |     732 |       0 |   0.0 |      23 |       0 |   0.0
        D:9 |     554 |       0 |   0.0 |       8 |       0 |   0.0
       D:10 |     223 |    1100 |  83.1 |       3 |       9 |  75.0
            +---------+---------+-------+---------+---------+-------

Levels and vault maps discovered:
D:1:      lightli_arrival_statue_moat, layout_loops_ring,
          chequers_decorated_corner, kennysheep_decorative_pillar
D:2:      layout_rooms
D:3:      layout_basic, grunt_temple_overflow_open
D:4:      layout_basic, minmay_temple_entry_enclosed_plants
D:5:      layout_rooms, slow_altar_2, first_ration, basic_altar
D:6:      layout_basic, serial_shops, nicolae_shop_competitors_out_of_business
D:7:      layout_layer_cave, lemuel_coloured_pillars_altar,
          overflow_temple_1_default, uniq_pikel
D:8:      layout_basic, elyvilon_altar_5, makhleb_grotto_becter,
          kennysheep_mini_moat, kennysheep_mini, uniq_maurice
D:9:      layout_roguey, serial_shops, nicolae_shop_behind_doors, uniq_erica
D:10:     layout_roguey, due_lair_maze_entry_diamond, grunt_livestock
D:11:     layout_cave_pools, orc_0_dummy, serial_glass, glass_columns_a,
          glass_columns_b, minmay_strange_pillars, item_on_display_a,
          feat_on_display, uniq_grum, uniq_urug, uniq_sonja

Table legend:
 A = Turns spent in this place as a percentage of turns spent in the entire game.
 B = Non-inter-level travel turns spent in this place as a percentage of non-inter-level travel turns spent in the entire game.
 C = Inter-level travel turns spent in this place as a percentage of turns spent in this place.
 D = Turns resting spent in this place as a percentage of non-inter-level travel turns spent in this place.
 E = Turns spent auto-exploring this place as a percentage of non-inter-level travel turns spent in this place.
 F = Non-inter-level travel turns spent in this place divided by the number of levels of this place that you've seen.
                   A       B       C       D       E      F
               +-------+-------+-------+-------+-------+----------------------
         Total | 100.0 | 100.0 |   5.1 |   0.0 |   0.6 | 190.7
       Dungeon | 100.0 | 100.0 |   5.1 |   0.0 |   0.6 | 190.7
               +-------+-------+-------+-------+-------+----------------------

Table legend:
 A = Kills in this place as a percentage of kills in entire the game.
 B = Kills by you in this place as a percentage of kills by you in the entire game.
 C = Kills by friends in this place as a percentage of kills by friends in the entire game.
 D = Other kills in this place as a percentage of other kills in the entire game.
 E = Experience gained in this place as a percentage of experience gained in the entire game.
 F = Experience gained in this place divided by the number of levels of this place that you have seen.
                   A       B       C       D       E      F
               +-------+-------+-------+-------+-------+----------------------
         Total | 100.0 | 100.0 | 100.0 | 100.0 | 100.0 | 389.3
       Dungeon | 100.0 | 100.0 | 100.0 | 100.0 | 100.0 | 389.3
               +-------+-------+-------+-------+-------+----------------------
